 Dungeon Crawl Stone Soup version 0.29-a0-284-gf9362112df (webtiles) character file.

Game seed: 5665224961302108017

26 oldriver the Shooter (level 3, -4/33 HPs)
             Began as a Naga Hunter on Mar 18, 2022.
             Killed from afar by Sigmund (6 damage)
             ... with a magic dart
             ... on level 2 of the Dungeon.
             The game lasted 00:01:32 (1115 turns).

oldriver the Shooter (Naga Hunter)                  Turns: 1115, Time: 00:01:33

Health: -4/33      AC:  2    Str: 13    XL:     3   Next: 8%
Magic:  3/3        EV:  9    Int:  9    God:
Gold:   49         SH:  0    Dex: 16    Spells: 2/2 levels left

rFire   . . .      SeeInvis +   a - +1 shortbow
rCold   . . .      Faith    .   (shield currently unavailable)
rNeg    . . .      Spirit   .   b - +0 leather armour
rPois   +          Reflect  .   (no helmet)
rElec   .          Harm     .   (no cloak)
rCorr   .          Rampage  .   (no gloves)
Will    .....                   (no barding)
Stlth   ++........              (no amulet)
HPRegen 0.11/turn               (no ring)
MPRegen 0.08/turn               (no ring)

@: very slow
A: AC +1, large, see invisible, deformed body, poison resistance, slowness 2,
spit poison 1, naga tail 1
a: Spit Poison


You were on level 2 of the Dungeon.
You visited 1 branch of the dungeon, and saw 2 of its levels.

You collected 49 gold pieces.

Inventory:

Hand Weapons
 a - a +1 shortbow (weapon)
Armour
 b - a +0 leather armour (worn)
 h - a +1 hat
Scrolls
 c - 2 scrolls of immolation
 f - a scroll of vulnerability {unknown}
 g - a scroll of teleportation {unknown}
Potions
 d - 2 potions of brilliance {unknown}
 e - 4 potions of curing {unknown}


   Skills:
 + Level 2.4 Fighting
 * Level 4.1 Bows
 - Level 1.5 Dodging
 + Level 2.6 Stealth


You had 2 spell levels left.
You didn't know any spells.
Your spell library contained the following spells:

 Spells                   Type           Power      Damage    Failure   Level
 Shock                    Conj/Air       0%         1d3       45%         1
 Swiftness                Air            0%         N/A       83%         3
 Airstrike                Air            0%         N/A       99%         4


Dungeon Overview and Level Annotations

Branches:
Dungeon (2/15)

Altars:

Annotations:
D:2 Sigmund


Innate Abilities, Weirdness & Mutations

Your serpentine skin is tough. (AC +1)
You have supernaturally acute eyesight. (SInv)
Armour fits poorly on your strangely shaped body.
Your system is resistant to poisons. (rPois)
You cover ground very slowly.
You can spit poison.
You have a snake-like lower body.


Message History

You are too confused!
You are too confused!
You have got your breath back.
You are too confused!
Sigmund hits you with a +0 scythe!
You shoot an arrow.
You feel less confused. Sigmund gestures at you while chanting.
You resist with some effort. Sigmund hits you with a +0 scythe!
You are too injured to fight recklessly!
Aiming: Spit Poison (2% risk of failure)
Press: ? - help, Q - select action, (/) - cycle Shift-Dir - straight line, f/p - Sigmund
Aim: Sigmund, wielding a +0 scythe and wearing a +0 robe (moderately wounded, 54% to hit)
The splash of poison hits Sigmund.
Sigmund is poisoned.
Sigmund is heavily wounded.
Shoot: a) +1 shortbow
Press: ? - help, Shift-Dir - straight line, f/p - Sigmund
Aim: Sigmund, wielding a +0 scythe and wearing a +0 robe (heavily wounded, poisoned, 61% to hit)
You shoot an arrow.
The arrow hits Sigmund but does no damage.
Sigmund is heavily wounded.
Sigmund hits you with a +0 scythe!
* * * LOW HITPOINT WARNING * * *
You aren't carrying any items that you can evoke.
Shoot: a) +1 shortbow
Press: ? - help, Shift-Dir - straight line, f/p - Sigmund
Aim: Sigmund, wielding a +0 scythe and wearing a +0 robe (heavily wounded, poisoned, 61% to hit)
You shoot an arrow. The arrow barely misses Sigmund.
A kobold comes into view. It is wielding a +1 vampiric whip.
Sigmund barely misses you.
Shoot: a) +1 shortbow
Press: ? - help, Shift-Dir - straight line, f/p - Sigmund
Aim: Sigmund, wielding a +0 scythe and wearing a +0 robe (severely wounded, poisoned, 61% to hit)
You shoot an arrow. The arrow completely misses Sigmund.
The kobold shouts!
You have got your breath back.
You hear an angry hiss.
Sigmund casts a spell at you. The magic dart hits you.
You die...

########
#......#
#......#
#...!..#
#......#
#......#
#......#
#...@.^########
#<)..@)........
#..............
####.##.#.##.##
#.##.#.# #.##..
. #.##.#.#.
#....#K...
#.##.# #.#.


You could see Sigmund (poisoned) and a kobold.

Vanquished Creatures
  3 endoplasms
  2 goblins (D:2)
  3 hobgoblins (D:1)
  2 jackals (D:1)
  A quokka (D:1)
  3 ball pythons
  4 bats (D:1)
  2 frilled lizards (D:1)
  2 kobolds
  A rat (D:1)
23 creatures vanquished.

Notes
Turn   | Place    | Note
-------+----------+-------------------------------------------
     0 | D:1      | oldriver the Naga Hunter began the quest for the Orb.
     0 | D:1      | Reached XP level 1. HP: 19/19 MP: 1/1
   102 | D:1      | Found a faded altar of an unknown god.
   125 | D:1      | Reached XP level 2. HP: 26/26 MP: 2/2
   648 | D:1      | Reached skill level 4 in Bows
  1074 | D:2      | Reached XP level 3. HP: 31/33 MP: 3/3
  1104 | D:2      | Noticed Sigmund
  1115 | D:2      | Killed from afar by Sigmund

Illustrated notes

Levels and vault maps discovered:
D:1:      wander_arrival_lonely_grave, layout_basic,
          hellmonk_ecumenical_altar_blasted, serial_forest,
          infiniplex_forest_clump_tiny, infiniplex_forest_end_1,
          infiniplex_forest_straight_3, infiniplex_forest_join,
          infiniplex_forest_end_1, infiniplex_forest_straight_4,
          serial_park_tiny_1, serial_park_tiny_pond
D:2:      layout_basic, minmay_diced_spiral, uniq_sigmund, uniq_jessica

Skill      XL: |  1  2 |
---------------+-------+-----
Stealth        | 2 |  2.6
Bows           | 4 |  4.1
Fighting       | |  2.4
Dodging        | |  1.5

Action                   || total
-------------------------++-------
 Fire: Shortbow          ||    46
 Abil: Spit Poison       ||     8
Armor: Leather armour    ||     2
Dodge: Dodged            ||    11

Table legend: (Time is in decaauts)
 A = Elapsed time spent in this place.
 B = Non-inter-level travel time spent in this place.
 C = Inter-level travel time spent in this place.
 D = Time resting spent in this place.
 E = Time spent auto-exploring this place.
 F = Levels seen in this place.
 G = Mean time per level.
                   A        B        C        D        E       F      G
               +--------+--------+--------+--------+--------+-----+--------+
         Total |   1495 |   1476 |     19 |      0 |   1350 |   2 |  747.5 |
       Dungeon |   1495 |   1476 |     19 |      0 |   1350 |   2 |  747.5 |
               +--------+--------+--------+--------+--------+-----+--------+

Top non-repeatable levels by time:
     D:1: 1432 daAuts
     D:2: 62 daAuts
